 Dungeon Crawl Stone Soup version 0.27.1-2-g3b301248ec (webtiles) character file.

Game seed: 8776306411265347772

1204 kopcap1349 the Skirmisher (level 8, -2/70 HPs)
             Began as a Minotaur Berserker on Sept 27, 2021.
             Was a Believer of Trog.
             Slain by Prince Ribbit (17 damage)
             ... on level 6 of the Dungeon.
             The game lasted 00:13:38 (4743 turns).

kopcap1349 the Skirmisher (Minotaur Berserker)      Turns: 4743, Time: 00:13:39

Health: -2/70      AC:  7    Str: 23    XL:     8   Next: 21%
Magic:  7/7        EV:  9    Int:  4    God:    Trog [**....]
Gold:   185        SH: 11    Dex: 11    Spells: 7/7 levels left

rFire    . . .     SeeInvis .   l - +1 flail (vorpal)
rCold    . . .     Faith    .   g - +2 kite shield
rNeg     . . .     Spirit   .   e - +0 ring mail
rPois    .         Reflect  .   (helmet restricted)
rElec    .         Harm     .   p - +0 cloak
rCorr    .         Rampage  .   (no gloves)
Will     .....                  (no boots)
Stlth    +.........             (no amulet)
HPRegen  0.21/turn              (no ring)
MPRegen  0.10/turn              (no ring)

@: on berserk cooldown, slowed, very slow
A: horns 2, retaliatory headbutt
a: Renounce Religion, Berserk, Trog's Hand


You were on level 6 of the Dungeon.
You worshipped Trog.
Trog was pleased with you.
You visited 1 branch of the dungeon, and saw 6 of its levels.

You collected 185 gold pieces.

Inventory:

Hand Weapons
 a - a +0 hand axe
 k - a +1 hand axe of distortion
 l - a +1 vorpal flail (weapon)
Armour
 b - a +0 animal skin
 e - a +0 ring mail (worn)
 g - a +2 kite shield (worn)
 p - a +0 cloak (worn)
Jewellery
 m - an amulet of magic regeneration
Scrolls
 d - a scroll of summoning {unknown}
 h - 5 scrolls of identify
 i - a scroll of amnesia
 n - a scroll of holy word {unknown}
 r - a scroll of vulnerability
Potions
 f - 3 potions of lignification
 j - a potion of might {unknown}
 o - 2 potions of brilliance
 q - a potion of berserk rage {unknown}


   Skills:
 + Level 6.1 Fighting
 + Level 5.6(6.8) Axes
 + Level 5.7(6.8) Maces & Flails
 + Level 6.0 Armour
 + Level 3.8 Dodging
 + Level 1.4 Stealth
 + Level 2.7 Shields


You had 7 spell levels left.
You didn't know any spells.
Your spell library was empty.

Dungeon Overview and Level Annotations

Branches:
Dungeon (6/15)
 Temple: D:4-7

Altars:
Elyvilon
Okawaru
Vehumet
Wu Jian
Xom

Annotations:
D:6 Prince Ribbit


Innate Abilities, Weirdness & Mutations

You have a pair of horns on your head.
You reflexively headbutt those who attack you in melee.


Message History

You feel sick.
You feel sick.
You feel sick.
You are no longer poisoned.
Prince Ribbit blinks!
Prince Ribbit blinks!
As you read the scroll of identify, it crumbles to dust.
r - a scroll of vulnerability Prince Ribbit barely misses you.
You are too injured to fight recklessly!
You hit Prince Ribbit. You headbutt Prince Ribbit.
Prince Ribbit is heavily wounded.
You feel the effects of Trog's Hand fading.
You block Prince Ribbit's attack.
Prince Ribbit lets out a mournful croak.
Prince Ribbit hits you. Prince Ribbit barely misses you.
You hit Prince Ribbit. Your headbutt misses Prince Ribbit.
Prince Ribbit is heavily wounded.
Prince Ribbit hits you. You block Prince Ribbit's attack.
Prince Ribbit completely misses you. You furiously retaliate!
You headbutt Prince Ribbit, but do no damage.
You miss Prince Ribbit. Your headbutt misses Prince Ribbit.
Prince Ribbit is heavily wounded.
You block Prince Ribbit's attack.
Prince Ribbit blinks! x2
You are too injured to fight recklessly!
Prince Ribbit hits you!
* * * LOW HITPOINT WARNING * * *
You closely miss Prince Ribbit.
You headbutt Prince Ribbit, but do no damage.
Prince Ribbit is heavily wounded.
Your skin stops crawling.
You feel less strong-willed. You block Prince Ribbit's attack.
Prince Ribbit closely misses you.
Prince Ribbit lets out a mournful croak.
Prince Ribbit hits you but does no damage.
You sock Prince Ribbit!
Prince Ribbit is almost dead.
Prince Ribbit mumbles some strange words.
Prince Ribbit easily resists.
You block Prince Ribbit's attack. Prince Ribbit hits you!
You die...

.........#.....).........#
.........................#
........#..........#####.#
........#.......#..# .#
........##...####..# .#
........##...# ##+# #
........##...#
...........F.#
..........@..#
.............#
............(....
######............
#............
#.[...).##### #.........
#......### #.......


You could see Prince Ribbit.

Vanquished Creatures
  A water moccasin (D:6)
  A black bear (D:5)
  A necrophage (D:5)
  4 ogres
  A phantom (D:5)
  A water moccasin zombie (D:5)
  A water moccasin skeleton (D:5)
  A centaur zombie (D:5)
  A hound (D:5)
  An orc priest (D:3)
  A centaur skeleton (D:6)
  An iguana (D:5)
  Terence (D:3)
  3 orc wizards
  5 adders
  A shadow imp (D:5)
  An adder skeleton (D:4)
  3 worms
  A dart slug (D:1)
  15 orcs
  6 endoplasms
  7 hobgoblins
  5 kobolds
  4 quokkas
  4 ball pythons
  5 frilled lizards
  7 goblins
  6 rats
89 creatures vanquished.

Notes
Turn   | Place    | Note
-------+----------+-------------------------------------------
     0 | D:1      | kopcap1349 the Minotaur Berserker began the quest for the
                  | Orb.
     0 | D:1      | Reached XP level 1. HP: 19/19 MP: 0/0
   187 | D:1      | Reached XP level 2. HP: 18/27 MP: 1/1
   371 | D:1      | You fall into a shaft and drop 1 floor!
   721 | D:2      | Reached XP level 3. HP: 33/33 MP: 2/2
   889 | D:2      | Found a shimmering altar of Xom.
  1584 | D:3      | Reached ** piety under Trog
  1644 | D:3      | Reached XP level 4. HP: 7/41 MP: 3/3
  1860 | D:3      | Noticed an ogre
  1867 | D:3      | Killed an ogre
  1868 | D:3      | Reached skill level 5 in Axes
  1868 | D:3      | Reached XP level 5. HP: 32/47 MP: 4/4
  2041 | D:3      | Reached skill level 5 in Fighting
  2069 | D:3      | Reached skill level 1 in Shields
  2330 | D:3      | Noticed Terence
  2336 | D:3      | Killed Terence
  2337 | D:3      | Reached skill level 1 in Maces & Flails
  2844 | D:4      | Reached XP level 6. HP: 37/56 MP: 5/5
  3410 | D:4      | Found a white marble altar of Elyvilon.
  3410 | D:4      | Found a radiant altar of Vehumet.
  3410 | D:4      | Found an iron altar of Okawaru.
  3410 | D:4      | Found an ornate altar of the Wu Jian Council.
  3698 | D:5      | Entered Level 5 of the Dungeon
  3909 | D:5      | Reached skill level 1 in Stealth
  3954 | D:5      | Reached XP level 7. HP: 46/61 MP: 6/6
  4248 | D:5      | Reached skill level 5 in Armour
  4270 | D:5      | Reached skill level 5 in Maces & Flails
  4352 | D:5      | Reached XP level 8. HP: 37/70 MP: 7/7
  4710 | D:6      | Noticed Prince Ribbit
  4743 | D:6      | Slain by Prince Ribbit

Illustrated notes

Levels and vault maps discovered:
D:1:      dpeg_arrival_long_road, layout_basic, shapermc_ecumenical_altar_venn
D:2:      layout_basic, basic_altar, hangedman_glass_teeth,
          minmay_crystal_water, minmay_pentomino_t2
D:3:      layout_loops_corners, minmay_misc_feat_tiny, minmay_statues_item,
          kennysheep_nub, grunt_ministairs_15, uniq_terence
D:4:      layout_cave_pools, grunt_temple_overflow_cloverleaf
D:5:      layout_rooms
D:6:      layout_basic, minmay_temple_entry_stoned_glass, uniq_prince_ribbit1

Skill      XL: |  1  2  3  4  5  6  7  8 |
---------------+-------------------------+-----
Fighting       | 4 5 6 |  6.1
Axes           | 4 5 |  5.6
Armour         | 3 4 5 6 |  6.0
Shields        | 1 2 |  2.7
Maces & Flails | 1 3 5 |  5.7
Dodging        | 3 |  3.8
Stealth        | 1 |  1.4

Action                   |  1- 3 |  4- 6 |  7- 9 || total
-------------------------+-------+-------+-------++-------
Melee: Hand axe          |    69 |     1 |       ||    70
       Headbutt          |     7 |    20 |     8 ||    35
       Flail             |       |    88 |    44 ||   132
Invok: Berserk           |     2 |     1 |     2 ||     5
       Trog's Hand       |       |     4 |     3 ||     7
  Use: Potion            |       |     4 |     4 ||     8
       Scroll            |       |     2 |     4 ||     6
Armor: Animal skin       |     6 |       |       ||     6
       Ring mail         |    15 |    20 |    17 ||    52
Dodge: Dodged            |    31 |    43 |    17 ||    91
Block: Kite shield       |    12 |    50 |    31 ||    93
